 Dungeon Crawl Stone Soup version 0.28.0 (webtiles) character file.

Game seed: 14388035083879299747

105 Strat the Chopper (level 4, -2/38 HPs)
             Began as a Minotaur Gladiator on Feb 12, 2022.
             Slain by a mummy (12 damage)
             ... in an ossuary.
             The game lasted 00:04:19 (964 turns).

Strat the Chopper (Minotaur Gladiator)               Turns: 964, Time: 00:04:19

Health: -2/38      AC:  5    Str: 19 (21) XL:     4   Next: 54%
Magic:  3/3        EV: 11    Int:  4 (5)  God:
Gold:   108        SH:  0    Dex:  8 (11) Spells: 3/3 levels left

rFire   . . .      SeeInvis .   a - +0 war axe
rCold   . . .      Faith    .   (no shield)
rNeg    . . .      Spirit   .   m - +0 ring mail
rPois   .          Reflect  .   c - +0 hat
rElec   .          Harm     .   (no cloak)
rCorr   .          Rampage  .   (no gloves)
Will    .....                   (no boots)
Stlth   ..........              e - amulet of regeneration
HPRegen 0.92/turn               (no ring)
MPRegen 0.08/turn               (no ring)

@: no status effects
A: horns 2, retaliatory headbutt
a: no special abilities


You were in an ossuary.
You visited 1 branch of the dungeon, and saw 4 of its levels.
You also visited: Ossuary.

You collected 108 gold pieces.

Inventory:

Hand Weapons
 a - a +0 war axe (weapon)
 b - a +0 hunting sling
Missiles
 d - 3 throwing nets (quivered)
 h - 77 stones
 q - 2 boomerangs
Armour
 c - a +0 hat (worn)
 f - a +0 plate armour
 l - a +0 leather armour
 m - a +0 ring mail (worn)
Jewellery
 e - an amulet of regeneration (around neck)
Scrolls
 g - a scroll of identify
Potions
 j - a potion of lignification
 n - a potion of degeneration
 o - a potion of resistance {unknown}
 p - a potion of heal wounds {unknown}


   Skills:
 - Level 3.0 Fighting
 * Level 5.5 Axes
 - Level 2.0 Throwing
 + Level 2.6 Armour
 - Level 3.2 Dodging


You had 3 spell levels left.
You didn't know any spells.
Your spell library contained the following spells:

 Spells                   Type           Power      Damage    Failure   Level
 Call Canine Familiar     Summ           0%         N/A       96%         3
 Portal Projectile        Hex/Tloc       0%         N/A       96%         3
 Leda's Liquefaction      Hex/Erth       0%         N/A       100%        4


Dungeon Overview and Level Annotations

Branches:
Dungeon (4/15)            Ossuary (1/1)
 Temple: D:4-7

Altars:
Kikubaaqudgha
The Shining One

Shops:
D:2 [


Innate Abilities, Weirdness & Mutations

You have a pair of horns on your head.
You reflexively headbutt those who attack you in melee.


Message History

You kill the goblin!
h - 77 stones (gained 11)
You see here a +0 dagger.
There is a sand-covered staircase here.
The world spins around you as you enter the gateway.
You enter an ossuary!
Found a gate leading back out of this place.
There is an empty arch of ancient stone here.
There is a gate leading back out of this place here.
As you open the door, it creaks loudly!
A quokka zombie and a gnoll zombie come into view.
A goblin zombie comes into view.
A rat zombie comes into view.
The quokka zombie barely misses you. You furiously retaliate!
You headbutt the quokka zombie! You hit the quokka zombie.
You destroy the quokka zombie!
You barely miss the mummy. x2; You barely miss the gnoll zombie.
The gnoll zombie closely misses you. You furiously retaliate!
You headbutt the gnoll zombie. You slash the gnoll zombie!
You destroy the gnoll zombie!
You hit the mummy. You barely miss the mummy. The mummy hits you!
* * * LOW HITPOINT WARNING * * *
You are too injured to fight recklessly!
You are too injured to fight recklessly!
Unknown command.
You hit the mummy but do no damage. You headbutt the mummy.
The mummy is moderately damaged.
You slash the rat zombie!
You destroy the rat zombie!
You hit the mummy. You hit the mummy but do no damage. The mummy hits you!
* * * LOW HITPOINT WARNING * * *
The mummy hits you but does no damage. The mummy completely misses you.
Okay, then.
Okay, then.
It was a potion of degeneration.
There was something very wrong with that liquid.
You feel weakened.
You feel dopey.
You feel clumsy. The mummy hits you!
You die...

# ### ###.#
######..#
Z.....#@M....##
......ZMM.∩...#
......#......##
###.########..#
# ###


You could see 3 mummies and a goblin zombie.

Vanquished Creatures
  A hound skeleton (D:4)
  4 adders
  4 worms
  A dart slug (D:1)
  3 ball pythons
  4 endoplasms
  A giant cockroach (D:1)
  5 goblins
  4 hobgoblins
  3 jackals (D:1)
  A bat (D:1)
  A frilled lizard (D:2)
  A gnoll zombie (Ossuary)
  6 kobolds
  A quokka zombie (Ossuary)
  3 rats
  A rat zombie (Ossuary)
44 creatures vanquished.

Notes
Turn   | Place    | Note
-------+----------+-------------------------------------------
     0 | D:1      | Strat the Minotaur Gladiator began the quest for the Orb.
     0 | D:1      | Reached XP level 1. HP: 18/18 MP: 0/0
     6 | D:1      | Noticed a komodo dragon
     6 | D:1      | Noticed a black bear
     6 | D:1      | Noticed a lindwurm
     6 | D:1      | Noticed a salamander
     6 | D:1      | Noticed a hound
   158 | D:1      | Reached skill level 4 in Axes
   158 | D:1      | Reached XP level 2. HP: 25/25 MP: 1/1
   176 | D:1      | Reached skill level 1 in Armour
   348 | D:2      | Reached XP level 3. HP: 31/31 MP: 2/2
   503 | D:2      | Reached skill level 5 in Axes
   538 | D:2      | Found Githru's Armour Shoppe.
   651 | D:3      | Reached XP level 4. HP: 36/38 MP: 3/3
   720 | D:3      | Found an ancient bone altar of Kikubaaqudgha.
   721 | D:3      | Found a glowing golden altar of the Shining One.
   920 | D:4      | Found a sand-covered staircase.
   952 | Ossuary  | Entered an ossuary
   964 | Ossuary  | Slain by a mummy

Illustrated notes

Levels and vault maps discovered:
D:1:      onia_arrival_zoo_common, layout_basic
D:2:      layout_loops_ring, serial_shops, nicolae_shop_trees
D:3:      layout_basic, mainiacjoe_overflow_divided_tiny
D:4:      layout_loops_ring, nicolae_gozag_zags_fifth_avenue, enter_ossuary_1
Ossuary:  ossuary_minmay_chase

Skill      XL: |  1  2  3 |
---------------+----------+-----
Axes           | 4 5 |  5.5
Armour         | 1 2 |  2.6
Fighting       | 3 |  3.0
Throwing       | |  2.0
Dodging        | |  3.2

Action                   |  1- 3 |  4- 6 || total
-------------------------+-------+-------++-------
Melee: War axe           |    59 |    18 ||    77
       Headbutt          |    12 |     4 ||    16
  Use: Scroll            |       |     3 ||     3
       Potion            |       |     1 ||     1
Armor: Leather armour    |     8 |       ||     8
       Ring mail         |     5 |    12 ||    17
Dodge: Dodged            |    42 |    11 ||    53
